 Dungeon Crawl Stone Soup version 0.23.1 (webtiles) character file.

Game seed: 12317053642883626300

165 misha the Poker (level 5, -1/64 HPs)
             Began as a Merfolk Berserker on Mar 8, 2019.
             Was a Believer of Trog.
             Killed by divine providence
             ... invoked by an orc priest
              (14 damage)
             ... on level 4 of the Dungeon.
             The game lasted 00:08:25 (3130 turns).

misha the Poker (Merfolk Berserker)                 Turns: 3130, Time: 00:08:30

Health: -1/64      AC: 11    Str: 23    XL:     5   Next: 46%
Magic:  5/5        EV: 11    Int:  7    God:    Trog [**....]
Gold:   288        SH:  4    Dex: 16    Spells: 4/4 levels left

rFire    . . .     SeeInvis .   a - +0 spear
rCold    + . .     Gourm    .   j - +0 buckler
rNeg     . . .     Faith    .   g - +3 scale mail
rPois    .         Spirit   .   (no helmet)
rElec    .         Reflect  .   (no cloak)
rCorr    .         Harm     .   k - +1 pair of gloves
MR       .....                  (no boots)
Stlth    ..........             (no amulet)
HPRegen  0.20/turn              l - +3 ring of dexterity
MPRegen  0.09/turn              s - ring of protection from cold

@: berserking, very quick
A: change form in water, swift swim, stealthy swim
a: Berserk, Trog's Hand, Renounce Religion


You were on level 4 of the Dungeon.
You worshipped Trog.
Trog was pleased with you.
You were very hungry.

You visited 1 branch of the dungeon, and saw 4 of its levels.

You collected 288 gold pieces.

Inventory:

Hand Weapons
 a - a +0 spear (weapon)
Missiles
 e - 85 stones (quivered)
Armour
 g - a +3 scale mail (worn)
 j - a +0 buckler (worn)
 k - a +1 pair of gloves (worn)
Jewellery
 l - a +3 ring of dexterity (left hand)
 s - a ring of protection from cold (right hand)
 t - an uncursed ring of stealth
Scrolls
 n - a scroll of fog {unknown}
 p - 3 scrolls of teleportation {unknown}
 q - a scroll of enchant weapon {unknown}
 r - a scroll of identify
Potions
 b - a potion of heal wounds {unknown}
 d - 2 potions of magic
 f - a potion of invisibility {unknown}
 h - a potion of brilliance
 i - 2 potions of curing {unknown}
 m - a potion of might {unknown}
 o - a potion of haste {unknown}
Comestibles
 c - a ration


   Skills:
 + Level 4.4 Fighting
 * Level 7.2 Polearms
 - Level 1.4 Armour
 - Level 2.7 Dodging
 + Level 1.2 Shields


You had 4 spell levels left.
You didn't know any spells.
Your spell library was empty.

Dungeon Overview and Level Annotations

Branches:
Dungeon (4/15)
 Temple: D:4-7

Altars:
Trog


Message History

The orc priest calls down the wrath of Beogh upon you.
Pain shoots through your body!
You barely miss the orc priest.
The orc priest miscasts a cantrip.
The orc closely misses you.
You barely miss the orc priest.
The orc priest calls down the wrath of Beogh upon you.
Beogh smites you!
You closely miss the orc priest. The orc hits you but does no damage.
The orc priest invokes the aid of Beogh against you.
Pain shoots through your body!
* * * LOW HITPOINT WARNING * * *
A red film seems to cover your vision as you go berserk!
You feel yourself moving faster!
You feel mighty!
You are feeling very hungry.
You block the orc's attack. The orc priest hits you with a +0 mace.
* * * LOW HITPOINT WARNING * * *
The orc priest calls down the wrath of Beogh upon you.
Beogh smites you!
You die...

########################
........................
......##########@###.##
#####..# #o# ##.## #o#
#..#


oo# ##.## .o+ #..# ...# ##.# ...# #.# ....# #.# You could see 3 orc priests and
2 orcs.

Vanquished Creatures
  Terence (D:2)
  Natasha (D:2)
  A worker ant (D:4)
  5 adders
  A worm (D:2)
  A dart slug (D:3)
  2 leopard geckos (D:1)
  2 orcs (D:3)
  3 giant cockroaches
  6 goblins
  4 hobgoblins
  A ball python (D:1)
  4 bats
  2 frilled lizards
  6 kobolds
  4 rats (D:1)
44 creatures vanquished.

Notes
Turn   | Place    | Note
-------+----------+-------------------------------------------
     0 | D:1      | misha the Merfolk Berserker began the quest for the Orb.
     0 | D:1      | Reached XP level 1. HP: 18/18 MP: 1/1
   158 | D:1      | Reached XP level 2. HP: 19/24 MP: 2/2
   201 | D:1      | Reached skill level 5 in Polearms
   941 | D:2      | Noticed Terence
   964 | D:2      | Killed Terence
   964 | D:2      | Reached XP level 3. HP: 27/30 MP: 3/3
  1274 | D:2      | Reached skill level 6 in Polearms
  1305 | D:2      | Noticed Natasha
  1324 | D:2      | Killed Natasha
  1324 | D:2      | Reached XP level 4. HP: 37/37 MP: 4/4
  1622 | D:2      | Reached ** piety under Trog
  2651 | D:3      | Reached XP level 5. HP: 42/42 MP: 5/5
  2800 | D:3      | Reached skill level 7 in Polearms
  2800 | D:3      | Reached skill level 1 in Shields
  2912 | D:3      | Found a bloodstained altar of Trog.
  3130 | D:4      | Killed from afar by an orc priest

Skill      XL: |  1  2  3  4  5 |
---------------+----------------+-----
Polearms       | 5 6 7 |  7.2
Fighting       | 4 |  4.4
Shields        | 1 |  1.2
Armour         | |  1.4
Dodging        | |  2.7

Action                   |  1- 3 |  4- 6 || total
-------------------------+-------+-------++-------
Melee: Spear             |    87 |   125 ||   212
Invok: Berserk           |     3 |     1 ||     4
  Use: Scroll            |     3 |     1 ||     4
 Stab: Sleeping          |     1 |     2 ||     3
  Eat: Chunk             |     2 |     7 ||     9
Armor: Animal skin       |     7 |       ||     7
       Scale mail        |       |    21 ||    21
Dodge: Dodged            |    29 |    32 ||    61
Block: Buckler           |     2 |    11 ||    13
